Map: Port Aleksander LE

Players

Dear - Winner!

  • Race: Protoss Protoss
  • Spawn Location: 5:00

Keen

  • Race: Terran Terran
  • Spawn Location: 11:00

Event: IEM Season 13: Katowice (2019)

VOD

Have the link to the VOD?

Description

Time

  • Played on: Feb. 25, 2019, 10:13 a.m.
  • Length: 11:43

All games in this series

Show
View Real Time Build Order
Export as new Build Order

Dear Protoss - Winner!

Build Orders: 1 Gate Expand, Zealot Archon, Colossus Rush 

Get SALT Encoding   

  12  0:00  Probe  
  13  0:12  Probe  
  14  0:20  Pylon  
  14  0:24  Probe  
  15  0:34  Probe  
  15  0:39  Gateway  
  15  0:42  Probe  
  16  0:47  Assimilator  
  17  0:52  Probe  
  18  1:04  Probe  
  19  1:16  Probe  
  20  1:26  Cybernetics Core  
  20  1:34  Nexus  
  20  1:41  Pylon  
  20  1:44  Probe  
  21  1:52  Adept, Assimilator  
  21  1:56  Probe  
  22  2:03  Warp Gate  
  24  2:08  Probe  
  24  2:12  Stalker  
  25  2:20  Probe  
  28  2:32  Probe  
  28  2:34  Stalker  
  29  2:38  Robotics Facility  
  31  2:46  Probe  
  31  2:47  Probe  
  33  2:58  Probe  
  34  2:59  Probe  
  35  3:10  Probe  
  35  3:11  Probe  
  37  3:14  Gateway  
  37  3:16  Gateway  
  37  3:17  Sentry  
  39  3:20  Probe  
  39  3:22  Probe  
  39  3:25  Observer  
  42  3:28  Probe  
  42  3:31  Pylon  
  43  3:34  Probe  
  43  3:37  Probe  
  43  3:38  Assimilator  
  45  3:44  Assimilator  
  45  3:46  Observer, Probe  
  45  3:48  Pylon  
  46  3:49  Probe  
  46  3:54  Probe  
  48  4:01  Probe  
  50  4:04  Probe  
  50  4:06  Robotics Bay  
  51  4:10  Pylon  
  51  4:11  Observer  
  51  4:13  Probe  
  51  4:16  Probe  
  54  4:22  Forge  
  54  4:25  Probe  
  54  4:28  Probe  
  56  4:34  Colossus  
  56  4:36  Nexus  
  56  4:43  Twilight Council  
  56  4:52  Protoss Ground Weapons Level 1  
  61  4:59  Probe x2  
  63  5:00  Pylon  
  63  5:05  Extended Thermal Lance  
  63  5:11  Probe x2, Colossus  
  65  5:20  Charge  
  65  5:23  Probe  
  65  5:24  Probe  
  67  5:29  Pylon  
  73  5:35  Probe  
  73  5:36  Probe  
  73  5:38  Phoenix  
  73  5:39  Gateway  
  73  5:40  Sentry  
  77  5:42  Gateway  
  77  5:48  Probe x3  
  77  5:49  Colossus  
  80  5:52  Gateway  
  80  6:00  Probe x2  
  80  6:01  Probe  
  83  6:10  Sentry, Zealot  
  83  6:11  Zealot  
  95  6:14  Pylon  
  95  6:15  Probe  
  96  6:21  Protoss Ground Weapons Level 2  
  96  6:23  Gateway  
  96  6:25  Gateway  
  96  6:27  Assimilator  
  96  6:30  Assimilator  
  96  6:31  Templar Archives  
  96  6:34  Probe x3  
  99  6:43  Forge, Warp Prism  
  99  6:46  Protoss Ground Armor Level 1, Probe x3  
  104  6:52  Pylon  
  104  6:57  Templar Archives  
  104  7:00  Probe  
  105  7:10  Stalker x3  
  105  7:13  Pylon  
  111  7:19  Pylon  
  111  7:20  Pylon  
  111  7:21  High Templar x2  
  111  7:22  Zealot  
  117  7:24  Nexus  
  117  7:25  Archon  
  117  7:27  Pylon  
  116  7:41  Zealot x3, High Templar x2  
  126  7:47  Archon  
  126  7:50  Zealot  
  128  7:55  Immortal, Gateway  
  128  7:57  Gateway  
  132  7:58  Zealot  
  132  7:59  Zealot  
  132  8:03  High Templar  
  132  8:04  Zealot, High Templar  
  140  8:06  Pylon  
  140  8:08  Pylon, Archon  
  140  8:16  Zealot x3  
  146  8:24  High Templar x2  
  146  8:26  Zealot  
  152  8:28  Archon  
  152  8:30  Pylon  
  152  8:31  Protoss Ground Weapons Level 3  
  152  8:36  Warp Prism  
  152  8:40  Archon x3  
  154  8:43  Zealot x3, High Templar x2  
  154  8:47  Zealot, Archon  
  166  8:51  Zealot x2  
  158  9:13  Zealot x4  
  158  9:14  Pylon  
  144  9:18  Pylon  
  144  9:19  Pylon, Protoss Ground Armor Level 2  
  130  9:24  Stalker  
  130  9:28  Pylon  
  132  9:33  Probe x4  
  132  9:36  Zealot, Stalker x4  
  132  9:37  Zealot  
  148  9:41  Zealot  
  139  9:52  Zealot x2  
  136  10:02  High Templar x3  
  136  10:03  Zealot x4, High Templar  
  136  10:05  Probe x3  
  155  10:08  Photon Cannon, Archon x2  
  155  10:14  Stalker x2  
  159  10:24  Zealot x2, High Templar x2  
  159  10:28  Archon  
  167  10:36  Zealot x4  
  167  10:40  Robotics Facility  
  167  10:42  Zealot x2  
  179  10:47  Zealot x2  
  183  11:00  Zealot x6  
  157  11:18  Zealot x3  
  157  11:19  Zealot  
  157  11:21  Zealot x6  
Show
View Real Time Build Order
Export as new Build Order

Keen Terran 

Build Orders: Gas First Reaper Expand 

Get SALT Encoding   

  12  0:00  SCV  
  13  0:12  SCV  
  14  0:18  Supply Depot  
  14  0:24  SCV  
  15  0:30  Refinery  
  15  0:39  SCV  
  16  0:46  Barracks  
  16  0:52  SCV  
  17  1:04  SCV  
  18  1:16  SCV  
  19  1:33  Reaper, Orbital Command  
  20  1:46  Command Center  
  20  1:58  SCV  
  21  2:03  Factory  
  21  2:08  Marine  
  21  2:13  Bunker  
  21  2:14  SCV  
  23  2:25  Supply Depot  
  23  2:29  Barracks Reactor  
  23  2:46  SCV  
  23  2:48  Starport  
  24  2:58  SCV  
  24  3:02  Command Center  
  24  3:05  Marine  
  25  3:09  Marine  
  25  3:12  Factory Tech Lab  
  27  3:15  SCV  
  28  3:22  Orbital Command  
  28  3:29  SCV  
  28  3:33  Cyclone  
  32  3:39  Refinery, Marine  
  32  3:41  Marine  
  34  3:42  SCV  
  35  3:49  SCV  
  35  3:53  Barracks  
  35  3:55  SCV  
  37  4:00  Marine x2  
  37  4:01  SCV  
  39  4:08  SCV  
  40  4:11  Siege Tank  
  40  4:13  SCV  
  40  4:16  Orbital Command  
  44  4:21  SCV  
  45  4:24  Viking  
  45  4:25  SCV  
  45  4:28  Marine  
  45  4:29  Marine  
  50  4:36  SCV  
  50  4:38  SCV  
  52  4:42  Barracks, SCV  
  52  4:44  Barracks Tech Lab  
  53  4:48  Marine  
  53  4:49  Marine  
  53  4:50  SCV  
  53  4:51  SCV  
  57  4:54  SCV, Supply Depot  
  58  5:02  Stimpack, Refinery  
  58  5:03  SCV  
  58  5:04  SCV  
  60  5:13  Refinery  
  60  5:14  Engineering Bay  
  60  5:15  Engineering Bay  
  60  5:16  SCV  
  60  5:18  Supply Depot  
  60  5:19  SCV  
  60  5:20  SCV  
  63  5:22  Marine  
  63  5:23  Marine  
  63  5:24  Factory Reactor  
  65  5:30  Supply Depot  
  65  5:31  SCV  
  65  5:32  SCV  
  65  5:33  Starport Reactor  
  65  5:35  SCV  
  68  5:41  Terran Infantry Armor Level 1, Terran Infantry Weapons Level 1  
  68  5:50  Barracks x2  
  68  5:51  SCV x2  
  68  5:54  SCV  
  68  5:56  Supply Depot  
  71  5:57  Marine x2  
  71  6:01  Marauder  
  71  6:03  Marauder  
  77  6:05  Combat Shield  
  77  6:09  SCV  
  77  6:10  SCV  
  79  6:14  Medivac  
  79  6:15  Supply Depot  
  79  6:16  Medivac  
  83  6:22  Orbital Command, SCV  
  83  6:24  Marauder x2, Marine  
  83  6:25  Marine  
  90  6:30  SCV  
  91  6:34  SCV  
  91  6:38  Starport, Supply Depot  
  91  6:39  Barracks Tech Lab  
  92  6:40  Barracks Reactor  
  92  6:42  SCV  
  92  6:46  SCV  
  94  6:48  SCV  
  94  6:51  Refinery  
  94  6:54  Refinery, SCV  
  95  6:58  SCV  
  95  6:59  Medivac x2, Supply Depot  
  95  7:00  SCV  
  102  7:05  Supply Depot  
  102  7:06  SCV  
  99  7:10  SCV  
  99  7:12  SCV  
  101  7:16  Marauder x3  
  101  7:18  SCV  
  101  7:20  Marine  
  101  7:21  Marine x2  
  111  7:22  SCV  
  111  7:23  Supply Depot  
  111  7:25  SCV, Supply Depot  
  113  7:30  SCV, Viking  
  113  7:32  Viking  
  113  7:35  Viking  
  113  7:36  Viking  
  122  7:42  Marauder x2  
  125  7:45  Marauder  
  125  7:47  Supply Depot  
  125  7:49  Supply Depot  
  127  7:51  Marine x3  
  127  7:52  Marine  
  131  7:59  Ghost Academy  
  131  8:02  Concussive Shells, Supply Depot x2  
  131  8:03  Viking  
  133  8:07  Viking  
  70  8:12  Viking  
  135  8:14  Viking  
  139  8:21  Marauder x3  
  139  8:24  Marine x4  
  149  8:29  Armory  
  149  8:31  Supply Depot x2  
  148  8:41  Marine x2  
  148  8:42  Marauder x3  
  148  8:45  Viking x2  
  160  8:54  Viking x2  
  162  9:04  Orbital Command  
  139  9:15  Medivac x2  
  113  9:18  Ghost x3  
  104  9:35  Viking x2  
  104  9:47  Marauder x2  
  104  9:48  Viking  
  104  9:49  Viking  
  104  9:50  Marauder  
  104  9:51  Marine x2  
  113  10:01  Marine  
  113  10:02  Marine  
  115  10:08  Viking  
  115  10:11  Marauder x2, Marine x2  
  123  10:15  SCV x3  
  123  10:16  Liberator x2  
  123  10:19  Marauder, Marine x2  
  130  10:27  Liberator, SCV  
  131  10:29  Marine x2  
  139  10:45  Marauder  
  139  10:46  Marauder x2  
  148  10:51  Marine x4  
  148  10:52  SCV  
  148  10:54  SCV x2  
  155  11:01  Supply Depot x2  
  155  11:02  Supply Depot  
  118  11:20  Marine  
  118  11:21  Marauder  
  118  11:23  Marine  

Tags
 
Add a new tag
Caveats
  • Supply blocks, unpowered buildings, or Contaminate may cause inaccurate times.
  • Supply counts are checked every 10 seconds.